 Dungeon Crawl Stone Soup version 0.20.0-8-g6b59dc7 (webtiles) character file.

585007 Hasart the Bludgeoner (level 27, -2/190 HPs)
             Began as an Octopode Fighter on May 31, 2017.
             Was a Priest of Zin.
             Slain by the Royal Jelly (26 damage)
             ... on level 5 of the Pits of Slime.
             The game lasted 04:47:38 (81273 turns).

Hasart the Bludgeoner (Octopode Fighter)           Turns: 81273, Time: 04:47:39

Health: -2/190     AC:  8    Str: 18    XL:     27
Magic:  0/59       EV: 33    Int: 16    God:    Zin [***...]
Gold:   301        SH:  0    Dex: 24    Spells: 27/54 levels left

rFire    + + .     SeeInvis +   F - +8 sacred scourge (holy)
rCold    + . .     Gourm    .   V - +8 large shield {AC+3}
rNeg     . . .     Faith    .   Z - +2 hat {MR+}
rPois    +         Spirit   +   U - amulet of guardian spirit
rElec    +         Reflect  .   N - ring of resist corrosion
rCorr    +         Harm     .   b - +5 ring of evasion
MR       ++++.                  E - ring of protection from cold
Stlth    +++++.....             K - ring of Linearity {rF++ Str-3 Dex+4 Slay+3 Stlth+}
Regen    0.5/turn               B - ring of protection from magic
MPRegen  0.4/turn               G - ring "Luzocigg" {*Drain +Blink Dex+5 Slay+5}
                                f - ring of Ysaohyat {+Inv rPois MP+9}
                                O - ring "Serchuffusk" {rElec MP+9 Dex-5 SInv Stlth+}

@: confused, mighty, sluggish, very slightly contaminated, very slow
A: almost no armour, stealthy swim, amphibious, 8 rings, constrict 8, thin
metallic scales 1, camouflage 1, agile 1, clever 1, screaming 2, electricity
resistance, weak 1, wild magic 1, gelatinous body 1
}: 3/15 runes: barnacled, silver, gossamer
a: Recite, Vitalisation, Imprison, Donate Gold, Renounce Religion, Evoke Blink,
Evoke Invisibility


You were on level 5 of the Pits of Slime.
You worshipped Zin.
Zin was most pleased with you.
You were not hungry.

You visited 10 branches of the dungeon, and saw 50 of its levels.
You also visited: Labyrinth, Bailey and Ice Cave.

You collected 31065 gold pieces.
You spent 6650 gold pieces at shops.
You donated 2154 gold pieces to Zin.
You paid 21960 gold pieces to Gozag.

Inventory:

Hand Weapons
 y - the +5 morningstar of Destiny {drain, Dex+3 Stlth+}
   (You bought it in a shop on level 2 of the Lair of Beasts)

   A truly terrible weapon, it drains the life of those it strikes.
   It affects your dexterity (+3).
   It makes you more stealthy.
   Zin disapproves of the use of such an item.
 F - a +8 sacred scourge of holy wrath (weapon)
Armour
 V - a +8 large shield of protection (worn)
 Z - a +2 hat of magic resistance (worn)
Jewellery
 b - a +5 ring of evasion (right tentacle)
 f - the ring of Ysaohyat (on tentacle) {+Inv rPois MP+9}
   (You bought it in a shop on level 6 of the Dungeon)

   [ring of poison resistance]

   It protects you from poison.
   It affects your magic capacity (+9).
   It lets you turn invisible.
 k - an uncursed ring of protection from fire
 x - an uncursed ring of flight
 B - a ring of protection from magic (on tentacle)
 E - a ring of protection from cold (on tentacle)
 G - the ring "Luzocigg" (on tentacle) {*Drain +Blink Dex+5 Slay+5}
   (You found it on level 9 of the Dungeon)

   [ring of dexterity]

   It affects your dexterity (+5).
   It affects your accuracy and damage with ranged weapons and melee attacks
   (+5).
   It lets you blink.
   It causes draining when unequipped.
 K - the ring of Linearity (on tentacle) {rF++ Str-3 Dex+4 Slay+3 Stlth+}
   (You bought it in a shop on level 6 of the Dungeon)

   [ring of dexterity]

   It affects your strength (-3).
   It affects your dexterity (+4).
   It affects your accuracy and damage with ranged weapons and melee attacks
   (+3).
   It greatly protects you from fire.
   It makes you more stealthy.
 N - a ring of resist corrosion (left tentacle)
 O - the ring "Serchuffusk" (on tentacle) {rElec MP+9 Dex-5 SInv Stlth+}
   (You found it on level 10 of the Dungeon)

   [ring of magical power]

   It affects your dexterity (-5).
   It insulates you from electricity.
   It affects your magic capacity (+9).
   It lets you see invisible.
   It makes you more stealthy.
 T - the amulet of the Four Winds {rN+ MR+++ Clar}
   (You bought it in a shop on level 4 of the Shoals)

   [amulet of nothing]

   It protects you from negative energy.
   It affects your resistance to hostile enchantments.
   It protects you against confusion.
 U - an amulet of guardian spirit (around mantle)
Wands
 i - a wand of scattershot (7/9)
 z - a wand of digging (14/24)
 D - a wand of paralysis (18/24)
Scrolls
 j - 26 scrolls of remove curse
 m - 10 scrolls of teleportation
 o - 5 scrolls of magic mapping
 p - 30 scrolls of identify
 q - 2 scrolls of fear
 u - 4 scrolls of blinking
 w - 4 scrolls of recharging
 C - 2 scrolls of silence
 M - a scroll of holy word
 R - a scroll of brand weapon
Potions
 c - 3 potions of might
 e - 5 potions of ambrosia
 g - 14 potions of curing
 v - 5 potions of lignification
 H - 6 potions of haste
 J - 3 potions of heal wounds
 L - 2 potions of resistance
Books
 a - a book of Alchemy

   Spells                             Type                      Level
   a - Sublimation of Blood           Necromancy                   2
   b - Ignite Poison                  Fire/Transmutation/Poison    3
   c - Petrify                        Transmutation/Earth          4
   d - Alistair's Intoxication        Transmutation/Poison         5
   e - Irradiate                      Conjuration/Transmutation    5
Miscellaneous
 A - a fan of gales
 I - a phantom mirror
 Q - 4 boxes of beasts
 X - 3 sacks of spiders
 Y - a phial of floods
Comestibles
 n - 21 meat rations


   Skills:
 - Level 16.4 Fighting
 - Level 20.1 Maces & Flails
 - Level 16.1 Dodging
 - Level 11.1 Stealth
 - Level 16.4 Shields
 - Level 14.4 Spellcasting
 - Level 7.2 Hexes
 - Level 6.0 Charms
 - Level 6.8 Summonings
 - Level 14.0 Translocations
 - Level 9.5 Transmutations
 - Level 10.1 Air Magic
 - Level 9.8 Earth Magic
 * Level 11.2 Invocations
 - Level 15.0 Evocations


You had 27 spell levels left.
You knew the following spells:

 Your Spells              Type           Power        Failure   Level  Hunger
a - Passwall              Tmut/Erth      ######....   1%          2    None
b - Blink                 Tloc           N/A          1%          2    None
c - Lesser Beckoning      Tloc           ######....   1%          3    None
d - Swiftness             Chrm/Air       #####...     1%          2    None
e - Apportation           Tloc           ######       1%          1    None
f - Silence               Hex/Air        ######....   19%         5    ####...
g - Shadow Creatures      Summ           N/A          89%         6    ######.
h - Statue Form           Tmut/Erth      ######...    52%         6    ######.


Dungeon Overview and Level Annotations

Branches:
Dungeon (15/15)            Temple (1/1) D:4            Lair (6/6) D:8
 Shoals (4/4) Lair:3       Spider (4/4) Lair:3        Slime (5/5) Lair:6
    Orc (2/2) D:12            Elf (3/3) Orc:2        Vaults (5/5) D:13
  Crypt (0/3) Vaults:2     Depths (5/5) D:15            Zot (0/5) Depths:5

Altars:
Ashenzari
Cheibriados
Dithmenos
Elyvilon
Fedhas
Gozag
Kikubaaqudgha
Nemelex Xobeh
Okawaru
Ru
Sif Muna
Trog
Uskayaw
Vehumet
Xom
Zin
The Shining One
Beogh
Jiyva

Shops:
D:6 =   D:9 [   D:11 ?   Orc:2 }(%%   Lair:2 ([?*[[*[*([:   Shoals:4 =
Vaults:2 !   Vaults:3 }=*[=

Portals:
Hell: Depths:1 Depths:2 Depths:3 Depths:4 Depths:5
Abyss: Depths:1 Depths:4
Pandemonium: Depths:1 Depths:3
Ziggurat: Depths:2

Annotations:
D:2 1 runed door
D:6 1 runed door
D:12 3 runed doors
Slime:5 Royal Jelly
Elf:2 3 runed doors


Innate Abilities, Weirdness & Mutations

You cannot wear most types of armour.
You are very stealthy in the water. (Stealth+)
You are amphibious.
You can wear up to eight rings at the same time.
You can use your tentacles to constrict eight enemies at once.
Your skin changes colour to match your surroundings (Stealth+).
Your rubbery body absorbs attacks. (AC +1, EV +1)
You are partially covered in thin metallic scales. (AC +2)
You are agile. (Dex +2)
Your mind is acute. (Int +2)
You sometimes yell uncontrollably at your foes.
You are resistant to electric shocks. (rElec)
You are weak. (Str -2)
Your spells are a little harder to cast, but a little more powerful.


Message History

You are confused.
You feel invigorated.
Unknown command.
You're too confused to move!
Are you sure you want to stumble around while confused and next to the Royal Jelly, despite your sanctuary?
Okay, then.
You feel sluggish.
Are you sure you want to stumble around while confused and next to the Royal Jelly, despite your sanctuary?
Okay, then.
The sanctuary disappears.
The Royal Jelly hits you!!!
* * * LOW HITPOINT WARNING * * *
You are splashed with acid!
The acid burns!
You resist.
* * * LOW HITPOINT WARNING * * *
The Royal Jelly hits you!!
* * * LOW HITPOINT WARNING * * *
You are splashed with acid!
The acid burns!
You resist.
* * * LOW HITPOINT WARNING * * *
The Royal Jelly misses you. The Royal Jelly hits you!!!
You die...

#.....................
###...................
#.....................
##...................#
#....................#
#...................##
##..................##
##...........J.......#
#...........@.J......###
#.............J........
#...........J........#
##............JJ.....##
##...................#
##.................##
###...............##
#.................##
##.................###


You could see the Royal Jelly (berserk), 2 acid blobs, an azure jelly (berserk)
and 2 slime creatures.

Vanquished Creatures
  An ancient lich (Vaults:5)
  A juggernaut (Depths:5)
  Boris (Vaults:4)
  Bai Suzhen (Spider:3)
  The ghost of Dominolapin the Cloud Mage, a legendary VSAs of Uskayaw (Depths:2)
  Frederick (Depths:4)
  A caustic shrike (Depths:1)
  6 golden dragons
  A pearl dragon (Depths:4)
  3 tentacled monstrosities
  Jorgrun (Elf:3)
  4 liches
  2 deep elf blademasters (Elf:3)
  3 titans
  3 quicksilver dragons
  2 deep elf master archers (Elf:3)
  16 acid blobs
  4 sphinxes
  3 krakens
  Kirke (Shoals:4)
  5 storm dragons
  5 shadow dragons
  7 tengu reavers
  Ilsuiw (Shoals:4)
  3 daevas (Depths:4)
  8 azure jellies
  14 frost giants
  An iron dragon (Depths:2)
  12 fire giants
  A draconian scorcher (Depths:5)
  Louise (Shoals:1)
  7 deep elf sorcerers
  A balrug (Depths:2)
  8 vault wardens
  5 ghost moths (Spider:4)
  A ghost moth (shapeshifter) (Vaults:5)
  A caustic shrike zombie (Depths:2)
  Aizul (Shoals:4)
  An orc warlord (Orc:2)
  An emperor scorpion (Spider:4)
  A draconian stormcaller (Depths:5)
  6 deep elf elementalists (Elf:3)
  A reaper (Depths:2)
  18 ironheart preservers
  3 angels (Depths:4)
  3 war gargoyles
  A spriggan defender (Depths:5)
  5 entropy weavers
  13 very ugly things
  18 stone giants
  7 deep elf demonologists
  8 deep elf annihilators
  2 grey draconians (Depths:5)
  A vampire knight (Vaults:2)
  Nessos (D:15)
  2 black draconians (Depths:5)
  3 spark wasps (Spider:4)
  2 red draconians (Depths:5)
  2 yellow draconians (Depths:5)
  A blizzard demon (Depths:2)
  8 deep elf death magi
  19 ettins
  Josephine (D:10)
  2 death oozes
  A minotaur (Lab)
  3 merfolk javelineers (Shoals:4)
  Snorg (D:11)
  8 merfolk impalers
  10 yaktaur captains
  12 deep elf high priests
  19 fire dragons
  21 ogre magi
  15 great orbs of eyes
  33 vault guards
  2 hydras
  Erolcha (D:10)
  9 rakshasas
  9 ice dragons
  6 merfolk avatars
  A hell beast (Depths:1)
  3 spriggan air magi
  An anaconda (shapeshifter) (Vaults:4)
  Erica (D:8)
  66 two-headed ogres
  8 centaur warriors
  6 merfolk aquamancers
  10 deep troll earth magi
  2 satyrs (Shoals:4)
  2 death knights (Vaults:3)
  An alligator snapping turtle (Shoals:4)
  19 tengu warriors
  9 deep troll shamans
  A queen ant (Lair:2)
  2 vampire magi
  14 death yaks
  Urug (D:13)
  11 spriggan berserkers
  5 orc high priests (Orc:2)
  4 large abominations (Depths:4)
  Sonja (D:11)
  3 soul eaters (Depths:2)
  10 spriggans
  A storm dragon zombie (Depths:3)
  18 deep elf knights
  3 sun demons (Depths:2)
  2 quicksilver dragon simulacra (Depths:2)
  5 skeletal warriors
  5 iron trolls
  A shadow wraith (Vaults:1)
  A deep troll (shapeshifter) (Vaults:1)
  A salamander mystic (Depths:1)
  7 sea snakes
  6 cherubim (Depths:4)
  20 hell knights
  47 deep trolls
  A golden dragon zombie (Depths:3)
  4 flayed ghosts
  2 unseen horrors
  A shadow dragon zombie (Vaults:5)
  The ghost of Turgon the Spear-Bearer, a novice OpFi of Ashenzari (Bailey)
  4 glowing orange brains
  11 ironbrand convokers
  7 deep elf archers
  53 deep elf magi
  6 wizards
  A harpy (shapeshifter) (D:15)
  13 orc knights
  An orb spider (shapeshifter) (Vaults:2)
  A lindwurm (Lair:6)
  9 necromancers
  34 wolf spiders
  A tengu zombie (Depths:2)
  11 harpies
  51 ugly things
  A mana viper (shapeshifter) (Vaults:1)
  4 phantasmal warriors
  A manticore (shapeshifter) (Depths:2)
  A salamander (shapeshifter) (Vaults:3)
  3 tengu skeletons
  5 orc sorcerers
  An oklob plant (Lair:2)
  A faun (shapeshifter) (Depths:5)
  3 salamanders (Depths:1)
  A cyclops (shapeshifter) (Depths:4)
  11 orb spiders
  4 fauns (Shoals:4)
  10 cyclopes
  16 shining eyes
  A shadow dragon skeleton (Vaults:4)
  A sphinx skeleton (Vaults:5)
  5 centaur zombies
  Maurice (D:8)
  A water nymph (shapeshifter) (Depths:3)
  3 stone giant zombies
  10 elephants
  9 rust devils
  13 manticores
  2 stone giant skeletons
  4 merfolk sirens
  A fire giant skeleton (Depths:2)
  A moth of wrath (shapeshifter) (D:12)
  An eye of devastation (Slime:1)
  A gargoyle (D:12)
  A storm dragon simulacrum (Vaults:5)
  2 moths of wrath
  3 molten gargoyles
  4 black mambas
  A spiny frog (shapeshifter) (Depths:4)
  14 vault sentinels
  4 ice statues
  7 water nymphs
  9 spiny frogs
  3 rime drakes
  2 torpor snails
  2 spriggan skeletons (Depths:2)
  2 human zombies
  8 komodo dragons
  A kobold demonologist (Elf:1)
  8 ice devils
  68 yaktaurs
  A yaktaur zombie (Vaults:5)
  8 demonic crawlers
  5 efreet
  6 tengu conjurers
  12 freezing wraiths
  A yaktaur skeleton (Vaults:4)
  A golden dragon simulacrum (Vaults:5)
  A tengu simulacrum (Vaults:3)
  A harpy zombie (D:15)
  A troll (shapeshifter) (Vaults:4)
  45 jumping spiders
  21 merfolk
  8 trolls
  21 hornets
  4 red devils
  4 wind drakes
  2 hornets (shapeshifter)
  14 blink frogs
  10 snapping turtles
  6 dream sheep (Lair:6)
  93 slime creatures
  13 hippogriffs
  A snapping turtle (shapeshifter) (Depths:5)
  3 fire giant simulacra
  15 water elementals
  Sigmund (D:6)
  97 redbacks
  A spriggan (shapeshifter) (Vaults:4)
  5 shadows
  10 wraiths
  28 tarantellas
  9 air elementals
  A tarantella (shapeshifter) (Vaults:4)
  8 wyverns
  Eustachio (D:5)
  3 fire elementals
  50 yaks
  8 flying skulls
  3 hogs
  A human (D:7)
  4 hungry ghosts
  5 basilisks
  2 yaktaur simulacra
  A human (shapeshifter) (Elf:3)
  3 vampire mosquitoes (D:12)
  2 chaos spawn (Depths:4)
  Grum (D:8)
  3 steam dragons
  An elf simulacrum (Depths:3)
  A swamp worm (shapeshifter) (Vaults:3)
  Edmund (D:6)
  A deep troll zombie (Vaults:3)
  8 wargs
  7 acid dragons
  12 water moccasins
  20 soldier ants (Lair:3)
  6 hell hounds
  3 porcupines
  68 orc warriors
  7 ice beasts
  6 sky beasts
  2 phantoms
  3 necrophages
  13 eyes of draining
  3 black bears
  4 ettin simulacra (Depths:2)
  29 centaurs
  5 boggarts
  45 ogres
  7 crocodiles
  17 wolves
  A crocodile (shapeshifter) (Vaults:3)
  6 big kobolds
  16 bullfrogs
  A wyvern zombie (D:12)
  An earth elemental (Elf:2)
  A glowing shapeshifter simulacrum (Depths:2)
  A water moccasin zombie (D:6)
  9 scorpions
  6 killer bees (D:10)
  5 howler monkeys
  5 wights (D:11)
  13 electric eels
  A human simulacrum (Vaults:2)
  7 crimson imps
  5 lava snakes (Lair:6)
  2 bullfrog zombies
  3 draconian simulacra (IceCv)
  A quasit (D:6)
  11 hounds
  32 orc wizards
  46 orc priests
  An iron imp (Depths:3)
  12 jellies
  A bullfrog skeleton (D:6)
  3 centaur skeletons
  Ijyb (D:3)
  5 iguanas
  7 hell rats (Lair:2)
  A troll simulacrum (IceCv)
  36 worker ants
  3 spriggan simulacra
  8 small abominations (Depths:4)
  2 centaur simulacra
  2 hound skeletons (D:5)
  A howler monkey skeleton (D:4)
  A howler monkey zombie (D:9)
  2 ogre simulacra (IceCv)
  10 adders
  A naga simulacrum (IceCv)
  4 shadow imps
  5 oozes
  An adder skeleton (D:5)
  4 worms
  3 dart slugs
  5 leopard geckos
  154 orcs
  11 giant cockroaches
  8 goblins
  2 hobgoblins (D:1)
  12 jackals
  23 kobolds
  9 quokkas
  4 bats
  3 frilled lizards
  A quokka skeleton (D:5)
  7 rats
  A rat zombie (D:3)
  A butterfly (D:8)
  A fungus (Lair:2)
  4 plants
  13 tentacles
2542 creatures vanquished.

Vanquished Creatures (collateral kills)
  An emperor scorpion (Spider:1)
1 creature vanquished.

Vanquished Creatures (others)
  A two-headed ogre (Depths:1)
  13 dancing weapons
  A deep elf mage (Vaults:2)
  A tengu conjurer (D:15)
  6 humans (Shoals:4)
  An ettin simulacrum (Depths:2)
  An orc priest (D:15)
  A worker ant (D:12)
  5 ball lightnings (Depths:2)
  2 orcs
  21 fungi
  10 plants (Lair:6)
  47 tentacles
  10 toadstools (D:7)
120 creatures vanquished.

Grand Total: 2663 creatures vanquished

Notes
Turn   | Place    | Note
-------+----------+-------------------------------------------
     0 | D:1      | Hasart the Octopode Fighter began the quest for the Orb.
     0 | D:1      | Reached XP level 1. HP: 16/16 MP: 1/1
   171 | D:1      | Reached XP level 2. HP: 21/21 MP: 2/2
   846 | D:2      | Reached XP level 3. HP: 25/26 MP: 3/3
   955 | D:2      | Reached skill level 3 in Maces & Flails
  1126 | D:2      | Found an iron altar of Okawaru.
  1286 | D:2      | Found a runed door.
  1495 | D:3      | Noticed Ijyb
  1505 | D:3      | Killed Ijyb
  1505 | D:3      | Reached XP level 4. HP: 13/32 MP: 4/4
  1511 | D:3      | Reached XP level 5. HP: 7/37 MP: 5/5
  1767 | D:3      | Reached skill level 4 in Maces & Flails
  1877 | D:3      | Found a bloodstained altar of Trog.
  1964 | D:3      | Reached skill level 1 in Evocations
  1964 | D:3      | Reached XP level 6. HP: 43/43 MP: 5/7
  2445 | D:3      | Found an ancient bone altar of Kikubaaqudgha.
  2465 | D:3      | You fall through a shaft!
  2554 | D:4      | Found a staircase to the Ecumenical Temple.
  2562 | Temple   | Entered the Ecumenical Temple
  2604 | Temple   | Became a worshipper of Gozag Ym Sagoz the Greedy
  2724 | D:4      | Found a hide-covered altar of Uskayaw.
  2780 | D:4      | Noticed a phantom
  3146 | D:5      | Entered Level 5 of the Dungeon
  3179 | D:5      | Reached XP level 7. HP: 33/49 MP: 8/8
  3580 | D:5      | Reached skill level 5 in Maces & Flails
  3895 | D:5      | Found a radiant altar of Vehumet.
  3895 | D:5      | Found a white marble altar of Elyvilon.
  3896 | D:5      | Found a glowing golden altar of the Shining One.
  3897 | D:5      | Found a shadowy altar of Dithmenos.
  3898 | D:5      | Found a blossoming altar of Fedhas.
  4092 | D:5      | Found a deep blue altar of Sif Muna.
  4179 | D:5      | Noticed Eustachio
  4190 | D:5      | Killed Eustachio
  4190 | D:5      | Reached XP level 8. HP: 54/54 MP: 10/10
  4922 | D:5      | Reached skill level 5 in Shields
  5018 | D:5      | Reached skill level 5 in Fighting
  5327 | D:5      | Reached skill level 6 in Maces & Flails
  5554 | D:6      | Reached skill level 5 in Evocations
  5636 | D:6      | Noticed Edmund
  5650 | D:6      | Killed Edmund
  5650 | D:6      | Reached skill level 5 in Dodging
  5761 | D:6      | Reached XP level 9. HP: 39/61 MP: 13/13
  5762 | D:6      | Found a runed door.
  5866 | D:6      | Found a runed door.
  5936 | D:6      | Noticed Sigmund
  5944 | D:6      | Killed Sigmund
  6128 | D:6      | Reached skill level 7 in Maces & Flails
  6661 | D:6      | Found a shattered altar of Ashenzari.
  7194 | D:7      | Found a sacrificial altar of Ru.
  7259 | D:7      | Found a white marble altar of Elyvilon.
  7324 | D:7      | Noticed a two-headed ogre
  7336 | D:7      | Killed a two-headed ogre
  7433 | D:7      | Reached XP level 10. HP: 68/68 MP: 15/15
  7439 | D:7      | Reached skill level 8 in Maces & Flails
  8788 | D:8      | Noticed Grum
  8825 | D:8      | Killed Grum
  8825 | D:8      | Reached skill level 9 in Maces & Flails
  8863 | D:8      | Noticed Maurice
  8872 | D:8      | Killed Maurice
  8891 | D:8      | Noticed a death yak
  8892 | D:8      | Noticed a death yak
  8918 | D:9      | Found Onisch's Antique Armour Shoppe.
  9314 | D:9      | Got a heavily runed lapis lazuli ring
  9317 | D:9      | Identified the ring "Luzocigg" {*Drain +Blink Dex+5 Slay+5} (You found it on level 9 of the Dungeon)
  9382 | D:9      | Reached XP level 11. HP: 75/75 MP: 17/17
  9541 | D:6      | Bought the ring of Ysaohyat {+Inv rPois MP+9} for 687 gold pieces
  9647 | D:8      | Noticed a death yak
  9647 | D:8      | Noticed a death yak
  9648 | D:8      | Noticed a death yak
  9693 | D:8      | Killed a death yak
  9694 | D:8      | Killed a death yak
  9695 | D:8      | Killed a death yak
  9703 | D:8      | Killed a death yak
  9703 | D:8      | Reached skill level 10 in Maces & Flails
  9703 | D:8      | Killed a death yak
  9920 | D:8      | Found a staircase to the Lair.
 10036 | D:8      | Noticed Erica
 10276 | D:8      | Reached skill level 10 in Evocations
 10697 | D:8      | Killed Erica
 10941 | D:9      | Noticed a two-headed ogre
 10946 | D:9      | Killed a two-headed ogre
 11351 | D:10     | Entered Level 10 of the Dungeon
 11387 | D:10     | Reached XP level 12. HP: 55/83 MP: 19/19
 12200 | D:10     | Noticed Erolcha
 12444 | D:10     | Noticed a two-headed ogre
 12452 | D:10     | Killed a two-headed ogre
 12722 | D:6      | Bought the ring of Linearity {rF++ Str-3 Dex+4 Slay+3 Stlth+} for 787 gold pieces
 12973 | D:10     | Killed Erolcha
 12973 | D:10     | Reached skill level 11 in Maces & Flails
 13227 | D:10     | Noticed Josephine
 13267 | D:10     | Killed Josephine
 13606 | D:10     | Got a crude jade ring
 13637 | D:10     | Identified the ring "Serchuffusk" {rElec MP+9 Dex-5 SInv Stlth+} (You found it on level 10 of the Dungeon)
 13682 | D:11     | Noticed Sonja
 13708 | D:11     | Killed Sonja
 14009 | D:11     | Found Vaomiwn's Magic Scroll Shoppe.
 14011 | D:11     | Found a flagged portal.
 14018 | Bailey   | Entered a bailey
 14190 | Bailey   | Noticed Turgon's ghost (novice OpFi)
 14201 | Bailey   | Killed Turgon's ghost
 14583 | Bailey   | Reached XP level 13. HP: 46/90 MP: 22/22
 14691 | Bailey   | Reached skill level 1 in Stealth
 14744 | D:11     | Noticed Snorg
 14761 | D:11     | Killed Snorg
 14790 | D:11     | Bought a scroll of teleportation for 42 gold pieces
 14790 | D:11     | Bought a scroll of teleportation for 42 gold pieces
 14858 | D:11     | Reached skill level 12 in Maces & Flails
 15473 | Lair:1   | Entered Level 1 of the Lair of Beasts
 16463 | Lair:2   | Gained mutation: You are occasionally teleported next to monsters. [potion of mutation]
 16463 | Lair:2   | Gained mutation: You tend to lose your temper in combat. [potion of mutation]
 16463 | Lair:2   | Gained mutation: You passively map a small area around you. [potion of mutation]
 16464 | Lair:2   | Lost mutation: You tend to lose your temper in combat. [potion of mutation]
 16464 | Lair:2   | Lost mutation: You passively map a small area around you. [potion of mutation]
 16464 | Lair:2   | Gained mutation: You are clumsy. (Dex -2) [potion of mutation]
 16464 | Lair:2   | Gained mutation: Your mind is acute. (Int +2) [potion of mutation]
 16464 | Lair:2   | Gained mutation: You can translocate small distances at will. [potion of mutation]
 16517 | Lair:2   | Bought a scroll labeled JIATAL UDOKHLYTS for 29 gold pieces
 17657 | Lair:2   | Reached skill level 5 in Stealth
 17799 | Lair:3   | Found a staircase to the Shoals.
 17810 | Lair:3   | Found a hole to the Spider Nest.
 18251 | Lair:3   | Lost mutation: Your mind is acute. (Int +2) [potion of mutation]
 18251 | Lair:3   | Lost mutation: You are clumsy. (Dex -2) [potion of mutation]
 18251 | Lair:3   | Lost mutation: You can translocate small distances at will. [potion of mutation]
 18251 | Lair:3   | Lost mutation: You are occasionally teleported next to monsters. [potion of mutation]
 18251 | Lair:3   | Gained mutation: You are frail. (-10% HP) [potion of mutation]
 18251 | Lair:3   | Gained mutation: Your mind is acute. (Int +2) [potion of mutation]
 18251 | Lair:3   | Gained mutation: You are resistant to electric shocks. (rElec) [potion of mutation]
 18251 | Lair:3   | Gained mutation: One of your tentacles bears a spike. [potion of mutation]
 18538 | Lair:3   | Reached XP level 14. HP: 82/88 MP: 23/23
 18852 | Lair:3   | Reached skill level 13 in Maces & Flails
 19260 | Lair:2   | Bought a sapphire morningstar for 198 gold pieces
 19260 | Lair:2   | Identified the +5 morningstar of Destiny {drain, Dex+3 Stlth+} (You bought it in a shop on level 2 of the Lair of Beasts)
 19421 | Lair:4   | Found a glowing silver altar of Zin.
 19443 | Lair:4   | You fall through a shaft for 2 floors!
 19443 | Lair:6   | Entered Level 6 of the Lair of Beasts
 19539 | Lair:5   | Found a shadowy altar of Dithmenos.
 19672 | Lair:6   | Reached skill level 10 in Fighting
 19762 | Lair:6   | Found a frozen archway.
 19774 | IceCv    | Entered an ice cave
 20883 | IceCv    | Got a jewelled war axe
 20884 | IceCv    | Identified the +10 war axe "Mogyixka" {drain, Dex+2} (You found it in an ice cave)
 21312 | Lair:6   | Found a large runed door.
 21552 | Lair:6   | Reached skill level 10 in Shields
 21585 | Lair:6   | Found a large runed door.
 21857 | Lair:6   | Found a viscous altar of Jiyva.
 21857 | Lair:6   | Found a staircase to the Slime Pits.
 22820 | D:13     | Reached XP level 15. HP: 94/94 MP: 25/25
 22939 | D:13     | Found a gate to the Vaults.
 22952 | D:13     | Reached skill level 14 in Maces & Flails
 22997 | D:12     | Reached skill level 10 in Dodging
 23353 | D:13     | Noticed Urug
 23363 | D:13     | Killed Urug
 23885 | Lair:2   | Bought a fizzy red potion for 29 gold pieces
 24126 | D:12     | Found a staircase to the Orcish Mines.
 24454 | D:12     | Found a runed gate.
 24454 | D:12     | Found a runed gate.
 24454 | D:12     | Found a runed gate.
 24494 | D:12     | Noticed a sphinx
 24502 | D:12     | Noticed a storm dragon
 24506 | D:12     | Noticed a tengu reaver
 24547 | D:12     | Found a runed gate.
 24547 | D:12     | Found a runed gate.
 24547 | D:12     | Found a runed gate.
 24768 | D:12     | Reached skill level 15 in Evocations
 24842 | D:12     | Identified the Almanac of Mutagenic Sinister Rites
 24847 | D:12     | Learned a level 2 spell: Passwall
 25003 | D:12     | Killed a sphinx
 25099 | D:12     | Reached skill level 1 in Spellcasting
 25118 | D:12     | Killed a tengu reaver
 25131 | D:12     | Killed a storm dragon
 25131 | D:12     | Reached skill level 1 in Transmutations
 25131 | D:12     | Reached skill level 1 in Earth Magic
 25136 | D:12     | Got a glittering copper ring
 25150 | D:12     | Got a warped shield
 25157 | D:12     | Identified the +5 shield "Bisk" {-Tele Int+3 Dex+5} (You found it on level 12 of the Dungeon)
 25238 | D:12     | Identified the ring of the Coward {Fire rElec rN+} (You found it on level 12 of the Dungeon)
 26355 | D:14     | Found a glowing silver altar of Zin.
 26444 | D:15     | Entered Level 15 of the Dungeon
 26605 | D:15     | Found a labyrinth entrance.
 26612 | D:15     | Reached skill level 10 in Stealth
 26619 | D:15     | Reached XP level 16. HP: 98/99 MP: 26/27
 26629 | Lab      | Entered a labyrinth
 27077 | D:15     | Noticed Nessos
 27105 | D:15     | Killed Nessos
 27536 | D:15     | Found a staircase to the Depths.
 27972 | Orc:1    | Entered Level 1 of the Orcish Mines
 28384 | Orc:2    | Entered Level 2 of the Orcish Mines
 28627 | Orc:2    | Found a roughly hewn altar of Beogh.
 28717 | Orc:2    | Found Titod's Food Boutique.
 28736 | Orc:2    | Found Cirris Yzak's Food Shop.
 29116 | Orc:2    | Found Fan Saoj's Gadget Boutique.
 29159 | Orc:2    | Found a roughly hewn altar of Beogh.
 29218 | Orc:2    | Bought a fan of gales for 440 gold pieces
 29262 | Orc:2    | Reached skill level 15 in Maces & Flails
 29423 | Orc:2    | Found Navex's Weapon Emporium.
 30010 | Orc:2    | Found a staircase to the Elven Halls.
 30367 | Spider:1 | Entered Level 1 of the Spider Nest
 30378 | Spider:1 | Reached skill level 5 in Spellcasting
 31928 | Spider:2 | Reached XP level 17. HP: 90/105 MP: 28/28
 32558 | Spider:3 | Noticed Bai Suzhen
 32585 | Spider:3 | Killed Bai Suzhen
 33637 | Spider:3 | Reached skill level 5 in Earth Magic
 34168 | Spider:4 | Entered Level 4 of the Spider Nest
 35531 | Spider:4 | Reached skill level 16 in Maces & Flails
 35576 | Spider:4 | Reached skill level 5 in Transmutations
 36622 | Spider:4 | Reached XP level 18. HP: 93/113 MP: 29/29
 36840 | Spider:4 | Got a gossamer rune of Zot
 37111 | Lair:2   | Bought a +2 large shield of protection for 344 gold pieces
 37111 | Lair:2   | Bought a +1 hat of magic resistance for 256 gold pieces
 37224 | Shoals:1 | Entered Level 1 of the Shoals
 37908 | Shoals:1 | Noticed Louise
 37922 | Shoals:1 | Killed Louise
 40145 | Shoals:4 | Entered Level 4 of the Shoals
 40156 | Shoals:4 | Noticed Kirke
 40166 | Shoals:4 | Killed Kirke
 40341 | Shoals:4 | Noticed Ilsuiw
 40379 | Shoals:4 | Killed Ilsuiw
 40674 | Shoals:4 | Noticed Aizul
 40683 | Shoals:4 | Killed Aizul
 40718 | Shoals:4 | Found Huheupla's Jewellery Boutique.
 40726 | Shoals:4 | Bought the amulet of the Four Winds {rN+ MR+++ Clar} for 482 gold pieces
 40726 | Shoals:4 | Bought an uncursed ring of see invisible for 165 gold pieces
 41901 | Shoals:4 | Reached XP level 19. HP: 109/118 MP: 32/32
 42329 | Shoals:4 | Reached skill level 17 in Maces & Flails
 42339 | Shoals:4 | Got a barnacled rune of Zot
 42789 | Elf:1    | Entered Level 1 of the Elven Halls
 44068 | Elf:2    | Found a runed gate.
 44068 | Elf:2    | Found a runed gate.
 44068 | Elf:2    | Found a runed gate.
 44177 | Elf:3    | Entered Level 3 of the Elven Halls
 44189 | Elf:3    | Reached skill level 10 in Spellcasting
 45604 | Elf:3    | Reached XP level 20. HP: 121/126 MP: 34/34
 45798 | Elf:3    | Identified Plog's Compendium of the Blaze and Necromancy
 46192 | Elf:3    | Noticed Jorgrun
 46200 | Elf:3    | Killed Jorgrun
 46210 | Elf:3    | Noticed a Brimstone Fiend
 46491 | Elf:3    | Learned a level 2 spell: Blink
 46495 | Elf:3    | Learned a level 3 spell: Lesser Beckoning
 46646 | Elf:3    | Identified the Incunabulum of Lucky Darkness
 46650 | Elf:3    | Learned a level 2 spell: Swiftness
 47189 | Depths:1 | Entered Level 1 of the Depths
 47195 | Depths:1 | Reached skill level 1 in Translocations
 47215 | Depths:1 | Found a one-way gate leading to the halls of Pandemonium.
 47776 | Depths:1 | Found a runed door.
 47802 | Depths:1 | Found a gateway to Hell.
 48153 | Depths:1 | Reached skill level 1 in Air Magic
 48254 | Depths:1 | Reached skill level 18 in Maces & Flails
 48271 | Depths:1 | Reached skill level 1 in Charms
 48813 | Depths:1 | Noticed a caustic shrike
 48831 | Depths:1 | Killed a caustic shrike
 48866 | Depths:1 | Found a one-way gate to the infinite horrors of the Abyss.
 49855 | Vaults:1 | Entered Level 1 of the Vaults
 50122 | Vaults:1 | Reached XP level 21. HP: 131/131 MP: 36/36
 50242 | Vaults:1 | Reached skill level 5 in Translocations
 51816 | Vaults:2 | Found a staircase to the Crypt.
 51868 | Vaults:2 | Found Juha's Distillery.
 51881 | Vaults:2 | Bought a potion of heal wounds for 90 gold pieces
 51881 | Vaults:2 | Bought 2 potions of curing for 108 gold pieces
 53077 | Vaults:3 | Found Usaq Jay's Gadget Emporium.
 53249 | Vaults:3 | Found Ozxocle's Assorted Antiques.
 53261 | Vaults:3 | Bought a blackened ivory wand for 132 gold pieces
 53664 | Vaults:3 | Found Yjoacwina's Antique Armour Shoppe.
 53700 | Vaults:3 | Found Leatin's Jewellery Shoppe.
 53824 | Vaults:3 | Found Puimaten's Jewellery Shoppe.
 53845 | Vaults:3 | Reached XP level 22. HP: 119/138 MP: 37/37
 54243 | Vaults:4 | Reached skill level 5 in Air Magic
 54473 | Vaults:4 | Learned a level 1 spell: Apportation
 54717 | Vaults:4 | Reached skill level 5 in Charms
 55351 | Vaults:4 | Identified Witchcraft Continued
 55940 | Vaults:4 | Noticed Boris
 55952 | Vaults:4 | Killed Boris
 56001 | Vaults:5 | Entered Level 5 of the Vaults
 56614 | Vaults:4 | Reached skill level 10 in Translocations
 56653 | Vaults:4 | Reached XP level 23. HP: 106/144 MP: 39/39
 58053 | Vaults:5 | Noticed a golden dragon
 58070 | Vaults:4 | Killed a golden dragon
 58544 | Vaults:5 | Noticed a golden dragon
 59145 | Vaults:4 | Killed a golden dragon
 60181 | Vaults:4 | Reached skill level 15 in Fighting
 60740 | Vaults:5 | Noticed an ancient lich
 60833 | Vaults:5 | Noticed a golden dragon
 60841 | Vaults:5 | Killed an ancient lich
 60847 | Vaults:5 | Killed a golden dragon
 60910 | Vaults:5 | Got a silver rune of Zot
 60973 | Vaults:5 | Reached skill level 19 in Maces & Flails
 60989 | Vaults:5 | Got a pitted lead ring
 60990 | Vaults:5 | Identified the ring "Pegu" {+Blink rF+ MR+ Int-5 Dex+3} (You took it off a deep elf high priest on level 5 of the Vaults)
 61317 | Vaults:5 | Reached XP level 24. HP: 137/153 MP: 40/40
 61337 | Vaults:5 | Reached skill level 15 in Shields
 61872 | Lair:2   | Learned a level 5 spell: Silence
 61879 | Lair:2   | Learned a level 6 spell: Shadow Creatures
 61892 | Lair:2   | Bought the Volume of the Rocks for 704 gold pieces
 61899 | Lair:2   | Learned a level 6 spell: Statue Form
 61919 | Lair:2   | Bought a scroll of magic mapping for 52 gold pieces
 61919 | Lair:2   | Bought a scroll of enchant armour for 112 gold pieces
 61919 | Lair:2   | Bought a scroll of teleportation for 45 gold pieces
 61928 | Lair:2   | Bought a scroll of teleportation for 87 gold pieces
 62376 | Depths:2 | Reached skill level 15 in Dodging
 62606 | Depths:2 | Found a sparkling altar of Nemelex Xobeh.
 63114 | Depths:2 | Lost mutation: Your mind is acute. (Int +2) [a neqoxec]
 63532 | Depths:2 | HP: 6/153 [blizzard demon/bolt of cold (12)]
 64319 | Depths:2 | Reached skill level 1 in Hexes
 64359 | Depths:2 | Found a glowing silver altar of Zin.
 64617 | Depths:2 | Reached skill level 1 in Summonings
 64851 | Depths:2 | Noticed Dominolapin's ghost (legendary VSAs)
 65124 | Depths:2 | Killed Dominolapin's ghost
 65285 | Depths:2 | Got a faintly glowing hat
 65286 | Depths:2 | Identified the +0 hat "Teqy" {rC+ Dex+4} (You found it on level 2 of the Depths)
 65405 | Depths:2 | Found an iron altar of Okawaru.
 65405 | Depths:2 | Found a gateway to a ziggurat.
 65844 | Depths:2 | Found a snail-covered altar of Cheibriados.
 65885 | Depths:2 | Reached XP level 25. HP: 104/157 MP: 40/40
 68741 | Depths:4 | Reached skill level 5 in Hexes
 69583 | Depths:4 | Reached skill level 5 in Summonings
 69813 | Depths:4 | Found a glowing silver altar of Zin.
 69876 | Depths:4 | Got a twisted large shield
 69877 | Depths:4 | Identified the +1 large shield of Lethargy {*Drain *Slow rElec rCorr} (You took it off a daeva on level 4 of the Depths)
 70456 | Depths:4 | Reached XP level 26. HP: 131/164 MP: 41/41
 70458 | Depths:4 | Got an ancient brass amulet
 70613 | Depths:4 | Identified the amulet "Yjodea Puam" {Faith +Blink} (You took it off an angel on level 4 of the Depths)
 70681 | Depths:4 | Identified the Reference Book on the Enchanting Voyage
 70725 | Depths:5 | Entered Level 5 of the Depths
 71002 | Depths:5 | Noticed Frederick
 71146 | Depths:4 | Killed Frederick
 72601 | Depths:5 | Found a gate to the Realm of Zot.
 73913 | D:6      | Bought a +5 ring of evasion for 715 gold pieces
 74100 | D:11     | Bought a scroll of blinking for 105 gold pieces
 74100 | D:11     | Bought a scroll of enchant armour for 105 gold pieces
 74100 | D:11     | Bought a scroll of enchant armour for 105 gold pieces
 74100 | D:11     | Bought a scroll of enchant armour for 105 gold pieces
 74203 | Vaults:2 | Bought a potion of mutation for 144 gold pieces
 74203 | Vaults:2 | Bought 2 potions of mutation for 288 gold pieces
 74203 | Vaults:2 | Bought a potion of mutation for 144 gold pieces
 74203 | Vaults:2 | Bought a potion of curing for 54 gold pieces
 74203 | Vaults:2 | Bought a potion of curing for 54 gold pieces
 74391 | Lair:2   | Lost mutation: One of your tentacles bears a spike. [potion of mutation]
 74391 | Lair:2   | Lost mutation: You are frail. (-10% HP) [potion of mutation]
 74391 | Lair:2   | Gained mutation: You are partially covered in thin metallic scales. (AC +2) [potion of mutation]
 74391 | Lair:2   | Gained mutation: Your mind is acute. (Int +2) [potion of mutation]
 74391 | Lair:2   | Gained mutation: You are agile. (Dex +2) [potion of mutation]
 74434 | Lair:4   | Fell from the grace of Gozag
 74434 | Lair:4   | Became a worshipper of Zin the Law-Giver
 74434 | Lair:4   | Reached * piety under Zin
 74434 | Lair:4   | Reached ** piety under Zin
 74435 | Lair:4   | Donated 1120 gold pieces to Zin
 74460 | Lair:2   | Reached *** piety under Zin
 74574 | D:11     | Reached **** piety under Zin
 74663 | D:15     | Reached skill level 1 in Invocations
 75014 | Depths:5 | Reached skill level 20 in Maces & Flails
 75068 | Depths:5 | Noticed a juggernaut
 75088 | Depths:5 | Killed a juggernaut
 75597 | Depths:5 | Reached skill level 10 in Air Magic
 75921 | Depths:5 | Donated 600 gold pieces to Zin
 75969 | Depths:3 | Reached ***** piety under Zin
 76362 | Slime:1  | Entered Level 1 of the Pits of Slime
 77798 | Slime:1  | Reached XP level 27. HP: 186/190 MP: 34/41
 77829 | Slime:1  | Reached skill level 5 in Invocations
 78519 | Slime:3  | Gained mutation: You occasionally shout uncontrollably at your foes. [a shining eye]
 78798 | Slime:3  | Gained mutation: You are weak. (Str -2) [a shining eye]
 79452 | Slime:3  | Gained mutation: Your spells are a little harder to cast, but a little more powerful. [a shining eye]
 80017 | Slime:2  | Gained mutation: You sometimes yell uncontrollably at your foes. [a shining eye]
 80620 | Slime:5  | Entered Level 5 of the Pits of Slime
 80655 | Slime:4  | Reached skill level 10 in Invocations
 80712 | Slime:4  | Donated 302 gold pieces to Zin
 81259 | Slime:5  | Noticed the Royal Jelly
 81273 | Slime:5  | Slain by the Royal Jelly

Skill      XL: |  1  2  3  4  5  6  7  8  9 10 11 12 13 14 15 16 17 18 19 20 21 22 23 24 25 26 27 |
---------------+----------------------------------------------------------------------------------+-----
Maces & Flails | 3 4 5 6 7 9 10 11 12 13 14 15 16 17 18 19 20 | 20.1
Fighting       | 4 5 6 7 8 9 10 11 12 13 14 15 16 | 16.4
Evocations     | 1 2 3 5 7 9 10 12 13 14 15 | 15.0
Shields        | 4 5 6 7 8 9 10 11 12 13 14 15 16 | 16.4
Dodging        | 4 5 6 7 8 9 10 11 12 13 14 15 16 | 16.1
Stealth        | 6 8 10 11 | 11.1
Spellcasting   | 2 5 7 9 10 11 12 13 14 | 14.4
Transmutations | 1 3 5 6 7 8 9 |  9.5
Earth Magic    | 1 4 5 7 8 9 |  9.8
Translocations | 4 8 10 12 13 14 | 14.0
Air Magic      | 2 4 6 7 8 9 10 | 10.1
Charms         | 2 4 6 |  6.0
Hexes          | 2 5 7 |  7.2
Summonings     | 2 5 6 |  6.8
Invocations    | 4 11 | 11.2

Action                   |  1- 3 |  4- 6 |  7- 9 | 10-12 | 13-15 | 16-18 | 19-21 | 22-24 | 25-27 || total
-------------------------+-------+-------+-------+-------+-------+-------+-------+-------+-------++-------
Melee: Flail             |    74 |     5 |   107 |   550 |   458 |       |       |       |       ||  1194
       Constrict         |    23 |    25 |    50 |    82 |   161 |   293 |   200 |   191 |   131 ||  1156
       Tentacles         |    11 |    18 |    47 |   151 |   308 |   394 |   413 |   553 |   758 ||  2653
       Club              |       |    85 |   162 |       |       |       |       |       |       ||   247
       Kick              |       |       |       |       |   343 |   627 |   635 |   910 |   642 ||  3157
       Morningstar       |       |       |       |       |   557 |   972 |  1237 |  1590 |   771 ||  5127
       War axe           |       |       |       |       |       |   221 |       |       |       ||   221
       Sacred scourge    |       |       |       |       |       |       |       |       |  1159 ||  1159
 Cast: Blink             |       |       |       |       |       |       |     4 |     2 |     2 ||     8
       Lesser Beckoning  |       |       |       |       |       |       |     2 |    24 |     3 ||    29
       Swiftness         |       |       |       |       |       |       |       |     1 |     3 ||     4
Invok: Call Merchant     |       |       |     1 |       |     4 |     2 |     1 |     4 |     1 ||    13
       Potion Petition   |       |       |       |     1 |       |       |     1 |     1 |       ||     3
       Donate Gold       |       |       |       |       |       |       |       |       |     3 ||     3
       Vitalisation      |       |       |       |       |       |       |       |       |     2 ||     2
       Recite            |       |       |       |       |       |       |       |       |     1 ||     1
       Sanctuary         |       |       |       |       |       |       |       |       |     1 ||     1
 Abil: Evoke Invisibilit |       |       |       |       |     2 |     1 |       |    10 |     1 ||    14
       Evoke Blink       |       |       |       |       |       |     1 |     2 |       |       ||     3
Evoke: Wand              |       |       |     3 |    17 |     6 |    14 |     2 |     1 |     4 ||    47
       Fan of gales      |       |       |       |       |       |     1 |       |       |       ||     1
       Sack of spiders   |       |       |       |       |       |     1 |       |       |       ||     1
  Use: Potion            |       |       |     8 |     1 |     9 |     6 |     1 |       |     5 ||    30
       Scroll            |       |       |    11 |     7 |    15 |     3 |     5 |     5 |    17 ||    63
 Stab: Sleeping          |     5 |     8 |    10 |    17 |    61 |    67 |    38 |    12 |    26 ||   244
       Paralysed         |       |       |     6 |     9 |     1 |     6 |     3 |       |    17 ||    42
       Distracted        |       |       |     2 |     1 |    19 |    41 |    29 |    29 |    17 ||   138
       Invisible         |       |       |       |       |     7 |       |       |    24 |     7 ||    38
  Eat: Chunk             |     2 |     4 |       |       |       |       |       |       |       ||     6
       Royal jelly       |       |       |     4 |     6 |     5 |     4 |     5 |     3 |     5 ||    32
       Bread ration      |       |       |     2 |     1 |     5 |     7 |     7 |     3 |     5 ||    30
       Fruit             |       |       |       |     4 |    12 |    11 |       |     5 |       ||    32
       Meat ration       |       |       |       |       |       |       |       |     5 |     3 ||     8
Armor: Skin              |     9 |     2 |     7 |    19 |    29 |    16 |    26 |    48 |    39 ||   195
Dodge: Dodged            |    29 |    41 |   120 |   252 |   454 |   604 |   437 |   730 |   704 ||  3371
Block: Shield            |    31 |    35 |   104 |   286 |   337 |       |       |       |       ||   793
       Large shield      |       |       |       |       |   116 |   931 |   922 |  1376 |  1529 ||  4874
